 Dungeon Crawl Stone Soup version 0.23.2-1-ga50397a6bc (webtiles) character file.

Game seed: 7618832803885131590

58 Mrkan the Skirmisher (level 4, -7/37 HPs)
             Began as a Formicid Abyssal Knight on May 19, 2019.
             Was a Believer of Lugonu.
             Mangled by Sigmund
             ... wielding a cursed +0 scythe
              (8 damage)
             ... on level 2 of the Dungeon.
             The game lasted 00:03:07 (1397 turns).

Mrkan the Skirmisher (Formicid Abyssal Knight)      Turns: 1397, Time: 00:03:07

Health: -7/37      AC:  3    Str: 18    XL:     4   Next: 21%
Magic:  6/6        EV: 11    Int: 11    God:    Lugonu [**....]
Gold:   90         SH:  0    Dex: 10    Spells: 3/3 levels left

rFire    . . .     SeeInvis +   a - +1 mace
rCold    . . .     Gourm    .   (no shield)
rNeg     . . .     Faith    .   b - +0 leather armour
rPois    .         Spirit   .   (helmet unavailable)
rElec    .         Reflect  .   (no cloak)
rCorr    .         Harm     .   (no gloves)
MR       .....                  (no boots)
Stlth    ..........             (no amulet)
HPRegen  0.12/turn              (no ring)
MPRegen  0.10/turn              (no ring)

@: confused
A: permanent stasis, dig shafts and tunnels, four strong arms, antennae 3
a: Dig, Shaft Self, Depart the Abyss, Bend Space, Renounce Religion


You were on level 2 of the Dungeon.
You worshipped Lugonu.
Lugonu was pleased with you.
You were very hungry.

You visited 1 branch of the dungeon, and saw 2 of its levels.
You visited the Abyss 1 time.

You collected 90 gold pieces.

Inventory:

Hand Weapons
 a - a +1 mace (weapon)
Armour
 b - a +0 leather armour (worn)
Jewellery
 e - an uncursed amulet of regeneration {unknown}
Scrolls
 d - a scroll of fear {unknown}
 f - 2 scrolls of enchant armour {unknown}
 h - a scroll of teleportation {unknown}
 i - 4 scrolls of identify {unknown}
 j - a scroll of blinking {unknown}
 k - 2 scrolls of remove curse {unknown}
 m - a scroll of amnesia {unknown}
 n - a scroll of noise {unknown}
 q - 2 scrolls of fog {unknown}
Potions
 g - 3 potions of flight {unknown}
 l - a potion of mutation {unknown}
 o - a potion of degeneration {unknown}
 p - a potion of agility {unknown}
 r - a potion of haste {unknown}
Comestibles
 c - a ration


   Skills:
 + Level 3.8 Fighting
 * Level 3.3 Maces & Flails
 - Level 2.1 Armour
 - Level 0.8 Dodging
 + Level 3.0 Invocations


You had 3 spell levels left.
You didn't know any spells.
Your spell library was empty.

Dungeon Overview and Level Annotations

Branches:
Dungeon (2/15)

Altars:
Ashenzari

Annotations:
D:2 Sigmund, Terence


Innate Abilities, Weirdness & Mutations

You cannot be hasted, slowed, berserked, paralysed or teleported.
You can dig through walls and to a lower floor.
Your four strong arms can wield two-handed weapons with a shield.
You have a pair of large antennae on your head. (SInv)


Message History

Sigmund is lightly wounded.
Sigmund gestures at you while chanting. The puff of flame hits you!
You closely miss Sigmund.
Sigmund is lightly wounded.
Sigmund hits you with a cursed +0 scythe!
* * * LOW HITPOINT WARNING * * *
You hit Sigmund but do no damage.
Sigmund is lightly wounded.
Sigmund hits you with a cursed +0 scythe.
* * * LOW HITPOINT WARNING * * *
You barely miss Sigmund.
Sigmund is lightly wounded.
Are you sure you want to shaft yourself?
You are feeling very hungry.
Sigmund gestures at you while chanting.
You are confused.
You begin to dig a shaft.
You continue digging a shaft.
Sigmund hits you with a cursed +0 scythe!
You die...

##....#.#.......#
##.#.#.#.......#
##.......†......#
................#
##.##.##........#
#.... #.......<#
#..## #........#
#..####.########
#...@@..#
##.###### ...{
#.##..@ # #...#
#...# ##.#. .#.#


You could see Sigmund.

Vanquished Creatures
  An adder (D:2)
  An ooze (D:1)
  A worm (D:2)
  A dart slug (D:1)
  4 giant cockroaches
  6 goblins
  3 hobgoblins
  3 jackals (D:1)
  5 kobolds
  A ball python (D:1)
  6 bats
  4 frilled lizards
  4 rats
40 creatures vanquished.

Notes
Turn   | Place    | Note
-------+----------+-------------------------------------------
     0 | Abyss:1  | Mrkan the Formicid Abyssal Knight began the quest for the
                  | Orb.
     0 | Abyss:1  | Reached XP level 1. HP: 18/18 MP: 2/2
   128 | Abyss:1  | Noticed a large abomination
   143 | D:1      | Escaped the Abyss
   204 | D:1      | Reached * piety under Lugonu
   251 | D:1      | Reached XP level 2. HP: 15/24 MP: 3/3
   584 | D:1      | Reached XP level 3. HP: 24/29 MP: 3/5
  1090 | D:2      | Reached ** piety under Lugonu
  1169 | D:2      | Found a shattered altar of Ashenzari.
  1180 | D:2      | Reached XP level 4. HP: 25/37 MP: 6/6
  1383 | D:2      | Noticed Sigmund
  1383 | D:2      | Noticed Terence
  1394 | D:2      | HP: 1/37 [Sigmund/cursed +0 scythe (1)]
  1397 | D:2      | Mangled by Sigmund

Skill      XL: |  1  2  3 |
---------------+----------+-----
Maces & Flails | 3 |  3.3
Invocations    | 3 |  3.0
Fighting       | |  3.8
Armour         | |  2.1
Dodging        | |  0.8

Action                   |  1- 3 |  4- 6 || total
-------------------------+-------+-------++-------
Melee: Mace              |    90 |    18 ||   108
Invok: Depart the Abyss  |     1 |       ||     1
 Abil: Shaft Self        |       |     1 ||     1
  Eat: Chunk             |       |     1 ||     1
Armor: Leather armour    |    45 |     1 ||    46
Dodge: Dodged            |    75 |    10 ||    85
